 Dungeon Crawl Stone Soup version 0.30-a0-1103-g25895a7845 (webtiles) character file.

Game seed: 7807914506623992270

396 ytrimaz the Chopper (level 6, -4/47 HPs)
             Began as a Demonspawn Monk on Apr 19, 2023.
             Slain by an ice beast (11 damage)
             ... on level 4 of the Dungeon.
             The game lasted 00:04:11 (3536 turns).

ytrimaz the Chopper (Demonspawn Monk)               Turns: 3536, Time: 00:04:12

Health: -4/47      AC:  4    Str: 16    XL:     6   Next: 52%
Magic:  6/6        EV: 14    Int: 10    God:
Gold:   122        SH:  0    Dex: 14    Spells: 5/5 levels left

rFire   . . .      SeeInvis .    a - +0 hand axe
rCold   . . .      Faith    .    d - orb {light}
rNeg    . . .      Spirit   .    b - +0 robe
rPois   .          Reflect  .    (helmet restricted)
rElec   .          Rampage  .    (no cloak)
rCorr   .          Clarity  +    (no gloves)
Will    .....                    (no boots)
Stlth   +                        (no amulet)
HPRegen 0.27/turn                e - ring of flight
MPRegen 0.10/turn                (no ring)

@: flying, glowing
A: yellow scales 1, horns 1, clarity, clumsy 1, strong 1
a: no special abilities


You were on level 4 of the Dungeon.
You visited 1 branch of the dungeon, and saw 4 of its levels.

You collected 158 gold pieces.
You spent 36 gold pieces at shops.


Innate Abilities, Weirdness & Mutations

You are partially covered in yellow scales. (AC +2)
You have a pair of small horns on your head.
You possess an exceptional clarity of mind.
You are clumsy. (Dex -2)
Your muscles are strong. (Str +4, Int/Dex -1)


   Skills:
 - Level 3.0 Fighting
 + Level 5.4 Axes
 + Level 4.8 Dodging


You had 5 spell levels left.
You didn't know any spells.
Your spell library contained the following spells:

 Spells                   Type           Power      Damage    Failure   Level
 Malign Gateway           Summ/Tloc      0%         N/A       100%        7
 Summon Horrible Things   Summ           0%         N/A       100%        8

Inventory:

Hand Weapons
 a - a +0 hand axe (weapon)
Missiles
 c - 2 poisoned darts (quivered)
Armour
 b - a +0 robe (worn)
 d - an orb of light (worn)
Jewellery
 e - a ring of flight (left hand)
   (You found it on level 3 of the Dungeon)
Scrolls
 f - a scroll of identify {unknown}
 g - a scroll of torment {unknown}

Dungeon Overview and Level Annotations

Branches:
Dungeon (4/15) Zot: 20456
 Temple: D:4-7

Altars:

Shops:
D:2

* .... #....'....#..
....######...####'#..
.........#...##...#..
.........#....#...#..
.........'....#...'..
.........#....#...#..
.........##########..
##+######...)...).....
#(..Y@..'.............
#.......#........<....
+.......#.............
###...###.............
#####......##'######
#....).#........
+......#........
#......#........
#......#...###+#


You could see an ice beast.


Message History

You hit the ice beast.
You headbutt the ice beast, but do no damage.
The ice beast closely misses you.
You hit the ice beast. The ice beast hits you.
The ice beast freezes you! 😮 HP[-18]
You take 18 damage, and now have 29/47 hp.
MASSIVE DAMAGE!! (PAUSE)
You hit the ice beast but do no damage.
The ice beast hits you but does no damage.
You are too injured to fight recklessly!
Unknown command.
You hit the ice beast but do no damage. The ice beast misses you. 😮 HP[+1]
You are too injured to fight recklessly!
You barely miss the ice beast. The ice beast hits you.
The ice beast freezes you!
* * * LOW HITPOINT WARNING * * *
😨 HP[-11]
You take 11 damage, and now have 19/47 hp.
MASSIVE DAMAGE!! (PAUSE)
You barely miss the ice beast. Your headbutt misses the ice beast.
The ice beast hits you.
* * * LOW HITPOINT WARNING * * *
The ice beast freezes you!
* * * LOW HITPOINT WARNING * * *
😱 HP[-13]
You take 13 damage, and now have 6/47 hp.
MASSIVE DAMAGE!! (PAUSE) Throw: 12 darts (poison)
Press: ? - help, Q - select action Shift-Dir - straight line, f - ice beast
Aim: an ice beast (lightly wounded, haloed, 78% to hit)
You throw a poisoned dart. The poisoned dart hits the ice beast.
The ice beast hits you but does no damage. 😱 HP[+1] Throw: 11 darts (poison)
Press: ? - help, Q - select action Shift-Dir - straight line, f/p - ice beast
Aim: an ice beast (lightly wounded, haloed, 78% to hit)
You throw a poisoned dart. The poisoned dart hits the ice beast.
The ice beast is poisoned.
The ice beast closely misses you.
Throw: 10 darts (poison)
Press: ? - help, Q - select action Shift-Dir - straight line, f/p - ice beast
Aim: an ice beast (moderately wounded, poisoned, haloed, 78% to hit)
You throw a poisoned dart. The poisoned dart hits the ice beast.
The ice beast closely misses you.
Throw: 9 darts (poison)
Press: ? - help, Q - select action Shift-Dir - straight line, f/p - ice beast
Aim: an ice beast (moderately wounded, poisoned, haloed, 78% to hit)
You throw a poisoned dart. The poisoned dart hits the ice beast.
The ice beast closely misses you.
You feel better.
The ice beast closely misses you. 😨 HP[+8]
You regained 8 hp, and now have 15/47 hp.
You barely miss the ice beast.
You headbutt the ice beast, but do no damage.
The ice beast hits you but does no damage.
You hit the ice beast.
The ice beast hits you but does no damage.
Throw: 8 darts (poison)
Press: ? - help, Q - select action Shift-Dir - straight line, f/p - ice beast
Aim: an ice beast (heavily wounded, poisoned, haloed, 78% to hit)
You throw a poisoned dart. The poisoned dart hits the ice beast.
The ice beast looks more healthy.
The ice beast closely misses you. 😨 HP[+1] Throw: 7 darts (poison)
Press: ? - help, Q - select action Shift-Dir - straight line, f/p - ice beast
Aim: an ice beast (heavily wounded, haloed, 78% to hit)
You throw a poisoned dart. The poisoned dart hits the ice beast.
The ice beast hits you but does no damage.
Throw: 6 darts (poison)
Press: ? - help, Q - select action Shift-Dir - straight line, f/p - ice beast
Aim: an ice beast (heavily wounded, haloed, 78% to hit)
You throw a poisoned dart. The poisoned dart hits the ice beast.
The ice beast hits you.
* * * LOW HITPOINT WARNING * * *
The ice beast freezes you.
* * * LOW HITPOINT WARNING * * *
😱 HP[-7]
You take 7 damage, and now have 9/47 hp.
Throw: 5 darts (poison)
Press: ? - help, Q - select action Shift-Dir - straight line, f/p - ice beast
Aim: an ice beast (heavily wounded, haloed, 78% to hit)
You throw a poisoned dart.
The poisoned dart barely misses the ice beast.
The ice beast hits you but does no damage.
Unknown command.
Throw: 4 darts (poison)
Press: ? - help, Q - select action Shift-Dir - straight line, f/p - ice beast
Aim: an ice beast (heavily wounded, haloed, 78% to hit)
You throw a poisoned dart.
The poisoned dart barely misses the ice beast.
The ice beast hits you but does no damage.
Throw: 3 darts (poison)
Press: ? - help, Q - select action Shift-Dir - straight line, f/p - ice beast
Aim: an ice beast (heavily wounded, haloed, 78% to hit)
You throw a poisoned dart. The poisoned dart hits the ice beast.
The ice beast hits you.
* * * LOW HITPOINT WARNING * * *
The ice beast freezes you!
You die...

Skill      XL: |  1  2  3  4  5 |
---------------+----------------+-----
Axes           | 3 4 5 |  5.4
Dodging        | 3 4 |  4.8
Fighting       | |  3.0

Action                     |  1- 3 |  4- 6 || total
---------------------------+-------+-------++-------
  Melee: Hand axe          |   103 |   136 ||   239
         Headbutt          |       |    25 ||    25
  Throw: Dart              |       |    20 ||    20
    Use: Potion            |       |     7 ||     7
         Scroll            |       |     2 ||     2
 Armour: Robe              |    21 |    33 ||    54
  Dodge: Dodged            |    66 |    79 ||   145

Levels and vault maps discovered:
D:1:      minmay_arrival_hallway, layout_loops_cross
D:2:      layout_loops_corners, serial_shops, shop, uniq_robin, uniq_jessica,
          uniq_terence
D:3:      layout_loops_ring, grunt_decor_fettered, uniq_grinder
D:4:      layout_gridville, overflow_temple_1_default,
          chequers_temple_overflow_statue_of_worship

Notes
Turn   | Place    | Note
-------+----------+-------------------------------------------
     0 | D:1      | ytrimaz the Demonspawn Monk began the quest for the Orb.
     0 | D:1      | Reached XP level 1. HP: 18/18 MP: 1/1
     0 | D:1      | magus.rc [v1.9.6]
    60 | D:1      | Reached skill level 3 in Axes
   178 | D:1      | Gained mutation: You are partially covered in yellow
                  | scales. (AC +2) [demonic ancestry]
   178 | D:1      | Reached XP level 2. HP: 19/24 MP: 2/2
   635 | D:2      | Noticed Robin
   653 | D:2      | Reached XP level 3. HP: 13/29 MP: 3/3
   659 | D:2      | HP: 7/29 [Robin/+0 short sword (3)]
   663 | D:2      | Killed Robin
   664 | D:2      | Reached skill level 3 in Dodging
   667 | D:2      | HP: 7/29 [jackal (1)]
   916 | D:2      | Reached skill level 4 in Axes
  1090 | D:2      | Reached XP level 4. HP: 35/35 MP: 4/4
  1210 | D:2      | Noticed Terence
  1222 | D:2      | HP: 8/35 [constriction (6)]
  1229 | D:2      | HP: 8/35 [Terence/+3 mace (10)]
  1231 | D:2      | Gained mutation: You have a pair of small horns on your
                  | head. [potion of mutation]
  1231 | D:2      | Gained mutation: Your muscles are strong. (Str +4, Int/Dex
                  | -1) [potion of mutation]
  1231 | D:2      | Gained mutation: You are clumsy. (Dex -2) [potion of
                  | mutation]
  1231 | D:2      | Gained mutation: You possess an exceptional clarity of
                  | mind. [potion of mutation]
  1231 | D:2      | HP: 2/35 [constriction (4)]
  1236 | D:2      | HP: 1/35 [constriction (1)]
  1629 | D:2      | Found Fyqoziri's General Store.
  1637 | D:2      | Bought 6 poisoned darts for 36 gold pieces
  1923 | D:2      | You add the spells Malign Gateway and Summon Horrible
                  | Things to your library.
  2029 | D:2      | Noticed Jessica
  2040 | D:2      | Killed Jessica
  2350 | D:2      | Killed Terence
  2351 | D:2      | Reached XP level 5. HP: 16/41 MP: 5/5
  2511 | D:3      | Reached skill level 4 in Dodging
  2794 | D:3      | Noticed Grinder
  2813 | D:3      | HP: 8/41 [Grinder (5)]
  2815 | D:3      | Paralysed by Grinder for 2 turns
  2819 | D:3      | Killed Grinder
  2820 | D:3      | Reached skill level 5 in Axes
  2820 | D:3      | Reached XP level 6. HP: 11/47 MP: 6/6
  3514 | D:4      | Noticed an ice beast
  3523 | D:4      | HP: 6/47 [ice beast (9)]
  3533 | D:4      | HP: 9/47 [ice beast (5)]
  3536 | D:4      | Slain by an ice beast

Vanquished Creatures
  Grinder (D:3)
  A hound (D:3)
  Jessica (D:2)
  Terence (D:2)
  Robin (D:2)
  3 adders
  3 worms
  A dart slug (D:1)
  2 orcs
  2 bats (D:1)
  9 endoplasms
  2 giant cockroaches (D:2)
  16 goblins
  5 hobgoblins
  8 jackals
  4 quokkas
  5 ball pythons
  4 frilled lizards
  5 kobolds
  5 rats
79 creatures vanquished.

Table legend:
 A = Non-vault XP
 B = Vault XP
 C = Vault XP percentage of total XP
 D = Non-vault monster count
 E = Vault monster count
 F = Vault count percentage of total count
                 A         B        C        D         E       F
            +---------+---------+-------+---------+---------+-------
      Total |     202 |     365 |  64.4 |      65 |      14 |  17.7
            +---------+---------+-------+---------+---------+-------
        D:1 |      25 |       0 |   0.0 |      13 |       0 |   0.0
        D:2 |      83 |     107 |  56.3 |      30 |      13 |  30.2
        D:3 |      84 |     258 |  75.4 |      17 |       1 |   5.6
        D:4 |      10 |       0 |   0.0 |       5 |       0 |   0.0
            +---------+---------+-------+---------+---------+-------

Illustrated notes

Table legend:
 A = Kills in this place as a percentage of kills in the entire game.
 B = Kills by you in this place as a percentage of kills by you in the entire game.
 C = Kills by friends in this place as a percentage of kills by friends in the entire game.
 D = Other kills in this place as a percentage of other kills in the entire game.
 E = Experience gained in this place as a percentage of experience gained in the entire game.
 F = Experience gained in this place divided by the number of levels of this place that you have seen.
                   A       B       C       D       E      F
               +-------+-------+-------+-------+-------+----------------------
         Total | 100.0 | 100.0 |   N/A |   N/A | 100.0 | 141.8
       Dungeon | 100.0 | 100.0 |   N/A |   N/A | 100.0 | 141.8
               +-------+-------+-------+-------+-------+----------------------

Table legend: (Time is in decaauts)
 A = Elapsed time spent in this place.
 B = Non-inter-level travel time spent in this place.
 C = Inter-level travel time spent in this place.
 D = Time resting spent in this place.
 E = Time spent auto-exploring this place.
 F = Levels seen in this place.
 G = Mean time per level.
                   A        B        C        D        E       F      G
               +--------+--------+--------+--------+--------+-----+--------+
         Total |   3542 |   3248 |    294 |    320 |   2318 |   4 |  885.5 |
       Dungeon |   3542 |   3248 |    294 |    320 |   2318 |   4 |  885.5 |
               +--------+--------+--------+--------+--------+-----+--------+

Top non-repeatable levels by time:
     D:2: 1527 daAuts
     D:1: 940 daAuts
     D:3: 884 daAuts
     D:4: 190 daAuts
